 Dungeon Crawl Stone Soup version 0.29.1-12-g30fa7ad0bf (webtiles) character file.

Game seed: 15688217692269827115

737 GeoRichter the Slasher (level 7, -2/44 HPs)
             Began as a Tengu Fighter on Dec 14, 2022.
             Slain by an ogre
             ... wielding a +0 giant club
              (10 damage)
             ... on level 5 of the Dungeon.
             The game lasted 00:05:30 (5011 turns).

GeoRichter the Slasher (Tengu Fighter)              Turns: 5011, Time: 00:05:31

Health: -2/44      AC:  6    Str: 16    XL:     7   Next: 74%
Magic:  8/8        EV: 10    Int:  8    God:
Gold:   239        SH:  6    Dex: 22    Spells: 6/6 levels left

rFire   . . .      SeeInvis .   a - +0 long sword
rCold   . . .      Faith    .   c - +0 buckler
rNeg    . . .      Spirit   .   b - +0 scale mail
rPois   .          Reflect  .   (helmet restricted)
rElec   .          Harm     .   (no cloak)
rCorr   .          Rampage  .   (no gloves)
Will    .....                   (boots unavailable)
Stlth   ..........              (no amulet)
HPRegen 0.14/turn               q - +6 ring of dexterity
MPRegen 0.11/turn               (no ring)

@: flying quickly and evasively, quick
A: beak, talons 3, nimble flight
a: no special abilities


You were on level 5 of the Dungeon.
You visited 2 branches of the dungeon, and saw 6 of its levels.

You collected 239 gold pieces.

Inventory:

Hand Weapons
 a - a +0 long sword (weapon)
Armour
 b - a +0 scale mail (worn)
 c - a +0 buckler (worn)
Jewellery
 q - a +6 ring of dexterity (left hand)
   (You found it on level 4 of the Dungeon)
Scrolls
 f - a scroll of noise {unknown}
 h - a scroll of poison {unknown}
 k - a scroll of vulnerability {unknown}
 m - 2 scrolls of immolation {!r}
 p - 3 scrolls of identify {unknown}
 r - a scroll of enchant weapon {unknown}
 u - a scroll of fear {unknown}
 v - a scroll of fog {unknown}
 w - a scroll of blinking {unknown}
 x - a scroll of torment {unknown}
Potions
 d - 3 potions of might
 e - a potion of brilliance {unknown}
 g - a potion of mutation {unknown}
 i - 2 potions of curing {unknown}
 j - 2 potions of lignification {unknown}
 l - a potion of attraction {unknown}
 n - a potion of heal wounds {unknown}
 o - a potion of degeneration {unknown}
 s - a potion of invisibility {unknown}
 t - a potion of cancellation {unknown}


   Skills:
 + Level 5.6 Fighting
 * Level 7.7 Long Blades
 - Level 3.2 Armour
 - Level 3.0 Shields


You had 6 spell levels left.
You didn't know any spells.
Your spell library contained the following spells:

 Spells                   Type           Power      Damage    Failure   Level
 Summon Small Mammal      Summ           0%         N/A       90%         1
 Call Canine Familiar     Summ           0%         N/A       99%         3
 Summon Guardian Golem    Hex/Summ       0%         N/A       99%         3
 Orb of Destruction       Conj           0%         9d5       100%        7
 Spellforged Servitor     Conj/Summ      0%         N/A       100%        7


Dungeon Overview and Level Annotations

Branches:
Dungeon (5/15) Zot: 25182  Temple (1/1) D:4 Zot: 5847

Altars:
Ashenzari
Cheibriados
Dithmenos
Gozag
Hepliaklqana
Kikubaaqudgha
Makhleb
Nemelex Xobeh
Okawaru
Qazlal
Ru
Sif Muna
Trog
Uskayaw
Vehumet
Wu Jian
Xom
Yredelemnul
Zin
The Shining One

Shops:
D:3 :

Annotations:
Temple 4 transporters


Innate Abilities, Weirdness & Mutations

You have a beak for a mouth.
You have claws for feet.
Your magical nature lets you fly swiftly and evasively.


Message History

The gnoll hits you with a +0 flail.
You slash the gnoll!
You kill the gnoll!
The gnoll hits you from afar with a +3 halberd!
The gnoll hits you with a +3 halberd.
You see here a +0 flail.
You hit the gnoll. Your kick misses the gnoll. You peck the gnoll.
The gnoll hits you from afar with a +0 spear.
The gnoll hits you with a +3 halberd!
* * * LOW HITPOINT WARNING * * *
You slash the gnoll!
You kill the gnoll!
You block the gnoll's attack. The gnoll hits you with a +0 spear.
* * * LOW HITPOINT WARNING * * *
Things that are here:
a +3 halberd; a gnoll corpse You hit the gnoll.
You claw the gnoll. You peck the gnoll. The gnoll barely misses you.
You slash the gnoll!
You kill the gnoll!
Things that are here:
a +0 spear; a gnoll corpse
Things that are here:
a +3 halberd; a gnoll corpse You see here a +0 flail.
An ogre comes into view. It is wielding a +0 giant club.
Things that are here:
a +3 halberd; a gnoll corpse The ogre shouts!
Things that are here:
a +0 spear; a gnoll corpse
Things that are here:
a +0 club; a gnoll corpse
Found a radiant altar of Vehumet.
A kobold comes into view. It is carrying a wand of flame (19).
The kobold shouts!
You hear a shout!
The kobold zaps a wand.
The puff of flame hits you. The ogre hits you with a +0 giant club!
You barely miss the ogre. The ogre hits you with a +0 giant club.
* * * LOW HITPOINT WARNING * * *
You barely miss the ogre. You claw the ogre, but do no damage.
Your peck misses the ogre. You hit the ogre.
You claw the ogre, but do no damage. The ogre hits you with a +0 giant club!
* * * LOW HITPOINT WARNING * * *
You hit the ogre. You peck the ogre, but do no damage.
The ogre hits you with a +0 giant club!
You die...

#.#####.##
.........###g##
#..........gg.g
#######..# ..
.........#
.......###..#
...#...#....#
.......#O##)#
.#._.#.#@##)#
.......#.##)#
...#...#.##)#
.......K.##O#
#K..#...###.##
##...######...#
......# ###.#.### #
###....###...#...##.#
......#...#####....#


You could see an ogre and a kobold.

Vanquished Creatures
  A water moccasin (D:5)
  An ice beast (D:5)
  An ogre (D:5)
  A phantom (D:5)
  3 hounds
  An orc priest (D:5)
  2 iguanas
  2 orc wizards (D:5)
  4 gnolls (D:5)
  4 adders
  A white imp (D:5)
  7 orcs
  2 bats
  3 endoplasms
  6 giant cockroaches
  2 goblins
  8 hobgoblins
  3 jackals (D:3)
  3 quokkas
  2 ball pythons
  5 frilled lizards
  9 kobolds
  4 rats
75 creatures vanquished.

Notes
Turn   | Place    | Note
-------+----------+-------------------------------------------
     0 | D:1      | GeoRichter the Tengu Fighter began the quest for the Orb.
     0 | D:1      | Reached XP level 1. HP: 14/14 MP: 2/2
   194 | D:1      | Reached XP level 2. HP: 19/19 MP: 3/3
   470 | D:1      | Reached skill level 3 in Long Blades
   540 | D:1      | Found a faded altar of an unknown god.
  1356 | D:2      | Reached XP level 3. HP: 13/23 MP: 4/4
  1549 | D:2      | Reached skill level 4 in Long Blades
  1549 | D:2      | Reached XP level 4. HP: 23/29 MP: 5/5
  2661 | D:3      | Found Fasapar's Book Shoppe.
  2829 | D:3      | Found an opulent altar of Gozag.
  2829 | D:3      | Found a sacrificial altar of Ru.
  3034 | D:4      | Gained mutation: Your magical nature lets you fly swiftly
                  | and evasively. [Tengu growth]
  3034 | D:4      | Reached XP level 5. HP: 33/33 MP: 6/6
  3420 | D:4      | Found a staircase to the Ecumenical Temple.
  3430 | D:4      | Reached skill level 5 in Long Blades
  3439 | Temple   | Entered the Ecumenical Temple
  3439 | Temple   | Found a transporter.
  3439 | Temple   | Found a transporter.
  3559 | Temple   | Found a transporter.
  3559 | Temple   | Found a transporter.
  3828 | D:5      | Entered Level 5 of the Dungeon
  3925 | D:5      | Noticed an ice beast
  3946 | D:5      | Killed an ice beast
  3947 | D:5      | Reached skill level 6 in Long Blades
  3947 | D:5      | Reached XP level 6. HP: 6/39 MP: 7/7
  4231 | D:5      | Noticed a water moccasin
  4258 | D:5      | Killed a water moccasin
  4259 | D:5      | Reached skill level 5 in Fighting
  4310 | D:5      | Reached XP level 7. HP: 34/44 MP: 8/8
  4557 | D:5      | Reached skill level 7 in Long Blades
  5004 | D:5      | Found a radiant altar of Vehumet.
  5011 | D:5      | Slain by an ogre

Illustrated notes

Levels and vault maps discovered:
D:1:      eino_arrival_cavern_e, layout_loops_ring,
          chequers_ecumenical_altar_simple_redux
D:2:      layout_basic
D:3:      layout_rooms, gammafunk_temple_overflow_statue, serial_shops,
          shop_statue
D:4:      layout_cave_pools, minmay_temple_entry_junction_2
D:5:      layout_loops_ring, vehumet_altar_wand_db
Temple:   hellmonk_temple_divided_pantheon

Skill      XL: |  1  2  3  4  5  6  7 |
---------------+----------------------+-----
Long Blades    | 3 4 6 7 |  7.7
Fighting       | 4 5 |  5.6
Armour         | |  3.2
Shields        | |  3.0

Action                   |  1- 3 |  4- 6 |  7- 9 || total
-------------------------+-------+-------+-------++-------
Melee: Long sword        |    44 |   108 |    41 ||   193
       Peck              |     4 |    18 |    11 ||    33
       Kick              |    10 |    22 |    13 ||    45
  Use: Scroll            |       |     1 |       ||     1
Armor: Scale mail        |    17 |    36 |     5 ||    58
Dodge: Dodged            |    17 |    41 |    18 ||    76
Block: Buckler           |     5 |    19 |    10 ||    34
